 Dungeon Crawl Stone Soup version 0.20-a0-1078-g4874019 (webtiles) character file.

231504 Multipenetrator the Champion of Chaos (level 18, -7/146 HPs)
             Began as a Demonspawn Gladiator on Apr 29, 2017.
             Was the Champion of Makhleb.
             Mangled by a merfolk javelineer
             ... wielding a +0 spear
              (8 damage)
             ... on level 4 of the Shoals on Apr 30, 2017.
             The game lasted 08:05:10 (43721 turns).

Multipenetrator the Champion of Chaos (DsGl)       Turns: 43721, Time: 08:05:14

Health: -7/146     AC: 33    Str: 25    XL:     18   Next: 79%
Magic:  0/30       EV: 17    Int: 10    God:    Makhleb [******]
Gold:   679        SH:  0    Dex: 23    Spells: 23/26 levels left

rFire    + . .     SeeInvis .   a - +3 scimitar (drain)
rCold    + . .     Gourm    .   (no shield)
rNeg     + . .     Faith    +   N - +9 chain mail of the Beggar {rPois Regen+}
rPois    +         Spirit   +   J - +2 helmet of the Depths {rPois MR- Str+4 Slay+2}
rElec    .         Reflect  .   i - +0 cloak "Atumn" {-Cast MR+ Dex+3}
rCorr    .         Harm     .   A - +0 pair of gloves
MR       +....     NoCast   +   (boots unavailable)
Stlth    +.........             o - amulet of faith
Regen    0.8/turn               C - +4 ring of strength
MPRegen  0.5/turn               t - ring of positive energy

@: silence (expiring), very slightly contaminated, hasted, invisible, very quick
A: talons 3, icy blue scales 3, fire resistance 1, magic shield, magic
regeneration, magic link, flame cloud immunity
}: 1/15 runes: serpentine
a: Renounce Religion


You were on level 4 of the Shoals.
You worshipped Makhleb.
Makhleb was exalted by your worship.
You were not hungry.

You visited 7 branches of the dungeon, and saw 33 of its levels.

You collected 3070 gold pieces.
You spent 2391 gold pieces at shops.

Inventory:

Hand Weapons
 a - a +3 scimitar of draining (weapon)
 b - the +10 dagger of Zyodar {pierce, rPois rC+ Dex+2 SInv}
   (You found it on level 5 of the Dungeon)

   It inflicts extra damage upon your enemies.
   It affects your dexterity (+2).
   It protects you from cold.
   It protects you from poison.
   It lets you see invisible.
Armour
 i - the +0 cloak "Atumn" (worn) {-Cast MR+ Dex+3}
   (You bought it in a shop on level 14 of the Dungeon)

   It affects your dexterity (+3).
   It affects your resistance to hostile enchantments.
   It prevents spellcasting.
 A - a +0 pair of gloves (worn)
 J - the +2 helmet of the Depths (worn) {rPois MR- Str+4 Slay+2}
   (You found it on level 9 of the Dungeon)

   It affects your strength (+4).
   It affects your accuracy and damage with ranged weapons and melee attacks
   (+2).
   It protects you from poison.
   It affects your resistance to hostile enchantments.
 N - the +9 chain mail of the Beggar (worn) {rPois Regen+}
   (You bought it in a shop on level 2 of the Orcish Mines)

   It protects you from poison.
   It increases your rate of regeneration.
Magical Staves
 w - an uncursed staff of energy
Jewellery
 e - an uncursed ring of protection from fire
 n - an uncursed ring of resist corrosion
 o - an amulet of faith (around neck)
 t - a ring of positive energy (right hand)
 B - an uncursed ring of protection from fire
 C - a +4 ring of strength (left hand)
 I - an uncursed ring of ice
Wands
 d - a wand of iceblast (3/15)
 k - a wand of paralysis (3/24)
 v - a wand of random effects (16/48)
 z - a wand of confusion (23/48)
 M - a wand of digging (6/24)
Scrolls
 c - 2 scrolls of vulnerability {unknown}
 h - 6 scrolls of recharging
 j - 10 scrolls of magic mapping
 l - a scroll of brand weapon
 m - 5 scrolls of fog
 p - 2 scrolls of random uselessness {unknown}
 s - a scroll of blinking
 u - 6 scrolls of enchant armour
 x - a scroll of summoning {unknown}
 y - 11 scrolls of remove curse
 H - 3 scrolls of immolation
 K - 5 scrolls of teleportation
 P - 3 scrolls of fear
 R - 3 scrolls of enchant weapon
 W - 4 scrolls of amnesia
 Y - a scroll of silence
Potions
 q - 2 potions of flight
 D - a potion of berserk rage
 E - 2 potions of cancellation
 F - 2 potions of magic
 G - a potion of invisibility
 O - a potion of mutation
 Q - 3 potions of resistance
 S - a potion of haste
 U - 3 potions of ambrosia
 V - a potion of agility
 X - a potion of might
 Z - 3 potions of curing
Comestibles
 f - 17 bread rations
 r - 13 royal jellies
 L - 4 meat rations
 T - 14 fruits


   Skills:
 + Level 14.1 Fighting
 + Level 6.6(10.1) Short Blades
 + Level 11.7(12.4) Long Blades
 - Level 3.7 Staves
 - Level 1.7 Throwing
 + Level 15.4 Armour
 + Level 10.6 Dodging
 + Level 10.5 Stealth
 + Level 4.6 Spellcasting
 + Level 4.0 Charms
 * Level 6.4 Necromancy
 + Level 17.8 Invocations
 + Level 1.5 Evocations


You had 23 spell levels left.
You knew the following spells:

 Your Spells              Type           Power        Failure   Level  Hunger
a - Regeneration          Chrm/Necr      ##........   32%         3    ###....


Dungeon Overview and Level Annotations

Branches:
Dungeon (15/15)            Temple (1/1) D:7            Lair (6/6) D:10
 Shoals (4/4) Lair:3        Snake (4/4) Lair:3        Slime (0/5) Lair:5
    Orc (2/2) D:11            Elf (1/3) Orc:2        Vaults (0/5) D:13
 Depths (0/5) D:15

Altars:
Ashenzari
Cheibriados
Fedhas
Gozag
Hepliaklqana
Kikubaaqudgha
Makhleb
Nemelex Xobeh
Okawaru
Qazlal
Trog
Uskayaw
Vehumet
Wu Jian
Yredelemnul
Beogh
Jiyva

Shops:
D:14 *   Orc:1 *   Orc:2 [[((*   Snake:1 %=   Snake:4 ?


Innate Abilities, Weirdness & Mutations

You have claws for feet.
You are completely covered in icy blue scales. (AC +4, rC+)
Your flesh is heat resistant. (rF+)
When hurt, damage is shared between your health and your magic reserves.
You regenerate magic rapidly.
When low on magic, you restore magic in place of health.
You are immune to clouds of flame.


Message History

Okay, then.
You hit the manticore. Your kick misses the manticore.
The manticore is severely wounded.
The satyr shoots an arrow.
You slash the manticore! You claw the manticore.
The manticore is almost dead.
The manticore barely misses you. The manticore claws you.
* * * LOW HITPOINT WARNING * * *
The manticore misses you.
The merfolk javelineer throws a javelin.
The javelin hits the merfolk javelineer!!
The merfolk javelineer hits you from afar with a spear!
* * * LOW HITPOINT WARNING * * *
You feel yourself speed up.
The satyr shoots an arrow.
The arrow hits the manticore!!
The manticore dies!
The water nymph touches you. The water nymph drowns you!
* * * LOW HITPOINT WARNING * * *
The merfolk javelineer hits you from afar with a spear!
You die...

*********************************
≈≈≈≈≈≈≈≈≈≈≈≈≈≈≈≈≈≈≈≈≈≈≈≈≈≈≈≈≈≈≈≈≈
≈≈≈≈≈≈≈≈≈≈≈≈≈≈≈≈≈≈≈≈≈≈≈≈≈≈≈≈≈≈≈≈≈
≈≈≈≈≈≈≈≈≈≈≈≈≈≈≈≈≈≈≈≈≈≈≈≈≈≈≈≈≈≈≈≈≈
≈≈≈≈≈≈≈≈≈≈≈≈≈≈≈≈≈≈≈≈≈≈≈≈≈≈≈≈≈≈≈≈≈
≈≈≈≈≈≈≈≈≈≈≈#######≈≈≈≈≈≈≈≈≈≈≈≈≈≈≈
≈≈≈≈≈≈≈≈≈≈*#≈≈≈≈≈##≈≈≈≈≈≈≈≈≈≈≈≈≈≈
≈≈≈≈≈≈≈≈≈*#≈#....≈##≈≈≈≈≈≈≈≈≈≈≈≈≈
≈≈≈≈≈≈≈≈≈*≈#|.≈≈@.≈#≈≈≈≈≈≈≈≈≈≈≈≈≈
≈≈≈≈≈≈≈≈≈#≈..≈#m#(.#PP≈≈≈≈≈≈≈≈≈≈≈
≈≈≈≈≈≈≈≈≈#≈.≈##≈≈m≈#H≈≈≈≈≈≈≈≈≈≈##
≈≈≈≈≈≈≈≈≈#≈.≈≈≈≈≈((#(≈P≈P≈≈≈≈≈##≈
,≈≈≈≈≈≈≈≈*≈..#≈..#m#...≈m≈≈≈≈##≈≈
,≈≈≈≈≈≈≈≈*#≈.c..#.#(m.mm≈P≈≈≈#≈≈≈
≈≈≈≈≈≈≈≈≈≈##≈..%.#.E..(m†P≈≈≈#≈≈#
,≈≈≈≈≈≈≈≈≈≈######..........≈≈#≈≈≈
,≈,,≈≈≈≈≈≈≈≈≈≈≈............(≈#≈≈H


You could see 2 merfolk javelineers, a satyr, a water elemental and a water
nymph.

Vanquished Creatures
  Rupert (Lair:3)
  The ghost of glosham the Thaumaturge, an adept GnNe of Cheibriados (Snake:4)
  A kraken (Shoals:2)
  8 nagarajas
  The ghost of Starbucks the Fighter, a journeyman DsFi of Okawaru (Shoals:1)
  The ghost of jotwebe the Destroyer, a journeyman DrCj of Vehumet (Snake:2)
  3 merfolk impalers
  Josephine (D:10)
  Erolcha (D:11)
  14 naga warriors
  4 hydras
  A rakshasa (D:15)
  A catoblepas (Lair:3)
  7 centaur warriors
  An ogre mage (D:15)
  24 anacondas
  3 merfolk avatars
  3 merfolk aquamancers
  A queen ant (Lair:3)
  11 two-headed ogres
  A dancing weapon (Elf:1)
  An alligator snapping turtle (Shoals:3)
  A satyr (Shoals:4)
  A tengu warrior (D:14)
  6 death yaks
  19 naga sharpshooters
  5 orc high priests (Orc:2)
  6 shock serpents
  Sonja (Lair:2)
  Nergalle (Lair:3)
  6 salamander mystics
  9 sea snakes
  2 skeletal warriors (D:15)
  4 lindwurms (Snake:4)
  18 harpies
  A phantasmal warrior (D:15)
  The ghost of emsyzz the Thaumaturge, a novice DEFE of Kikubaaqudgha (D:7)
  A necromancer (D:15)
  9 naga ritualists
  A wolf spider zombie (D:15)
  4 orc knights
  5 cyclopes
  14 ugly things
  9 mana vipers
  7 fauns
  A stone giant zombie (D:15)
  A wolf spider (D:14)
  12 salamanders
  12 manticores
  2 deep elf magi
  Joseph (D:10)
  11 elephants
  49 black mambas
  5 merfolk sirens
  12 guardian serpents
  4 centaur zombies
  A gargoyle (D:15)
  4 water nymphs
  29 naga magi
  A torpor snail (Lair:5)
  26 spiny frogs
  4 rime drakes
  A yaktaur (D:13)
  8 komodo dragons
  A tengu conjurer (D:15)
  2 meliai (D:15)
  9 wind drakes
  8 merfolk
  8 trolls
  A hornet (D:10)
  16 blink frogs
  5 tyrant leeches (Lair:6)
  A polar bear (Lair:5)
  9 hippogriffs
  3 snapping turtles
  12 dream sheep
  Sigmund (D:6)
  An ettin skeleton (D:15)
  2 vampires
  10 water elementals
  A fire dragon skeleton (D:15)
  35 yaks
  5 wraiths
  A spriggan skeleton (D:15)
  A wyvern (D:14)
  A hungry ghost (D:14)
  3 basilisks
  10 vampire mosquitoes
  A redback simulacrum (D:15)
  3 wargs (Orc:2)
  51 nagas
  15 soldier ants (Lair:3)
  7 porcupines
  15 water moccasins
  An ice beast (D:11)
  5 sky beasts
  38 orc warriors
  2 phantoms (D:8)
  4 black bears
  23 ogres
  16 centaurs
  6 necrophages
  8 crocodiles
  10 wolves (Lair:3)
  The ghost of M4edhros the Sneak, an amateur OpAr (D:5)
  2 big kobolds (D:7)
  33 bullfrogs
  A gnoll sergeant (D:10)
  5 scorpions
  25 killer bees
  4 howler monkeys
  15 wights
  3 electric eels
  6 crimson imps
  A bullfrog zombie (D:5)
  5 jellies
  23 orc priests
  6 hounds
  5 centaur skeletons
  3 bullfrog skeletons
  36 worker ants
  22 orc wizards
  4 iguanas
  A hound zombie (D:10)
  A howler monkey skeleton (D:5)
  9 adders
  4 gnolls (D:10)
  A river rat (D:5)
  2 shadow imps
  2 oozes
  An adder zombie (D:10)
  An adder skeleton (D:9)
  A dart slug (D:1)
  4 leopard geckos
  111 orcs
  3 giant cockroaches
  4 goblins
  10 hobgoblins
  9 jackals
  5 quokkas
  8 ball pythons
  7 bats
  7 frilled lizards
  10 kobolds
  6 rats
  2 fungi (D:10)
  4 plants
  2 tentacles (Shoals:2)
1171 creatures vanquished.

Vanquished Creatures (collateral kills)
  A nagaraja (Snake:4)
  2 naga warriors (Snake:1)
  A merfolk avatar (Shoals:4)
  2 merfolk aquamancers (Shoals:2)
  A satyr (Shoals:2)
  3 naga sharpshooters
  2 sea snakes (Shoals:1)
  2 orc knights
  A harpy (Shoals:1)
  5 fauns
  2 manticores (Shoals:2)
  A cyclops (Shoals:1)
  A salamander (Snake:1)
  4 elephants (Lair:5)
  2 guardian serpents (Snake:4)
  4 naga magi
  2 black mambas
  A meliai (D:15)
  A polar bear (Lair:2)
  4 merfolk
  A wind drake (Shoals:1)
  2 blink frogs (Lair:6)
  A hippogriff (Lair:5)
  2 water elementals
  A wraith (D:15)
  4 yaks (Lair:5)
  15 nagas
  A water moccasin (Snake:3)
  8 orc warriors (Orc:2)
  2 bullfrogs
  An electric eel (D:15)
  7 orc priests
  An orc wizard (Orc:1)
  An adder (Snake:3)
  19 orcs
  A fungus (Lair:5)
  3 plants
112 creatures vanquished.

Vanquished Creatures (others)
  2 naga sharpshooters
  A manticore (Shoals:4)
  A faun (Shoals:2)
  A naga mage (Snake:4)
  A merfolk (Shoals:4)
  2 nagas
  A bush (Lair:2)
  14 fungi
  56 plants
  29 tentacles (Shoals:2)
108 creatures vanquished.

Grand Total: 1391 creatures vanquished

Notes
Turn   | Place    | Note
-------+----------+-------------------------------------------
     0 | D:1      | Multipenetrator the Demonspawn Gladiator began the quest for the Orb.
     0 | D:1      | Reached XP level 1. HP: 16/16 MP: 1/1
   422 | D:1      | Gained mutation: You are partially covered in icy blue scales. (AC +2) [demonic ancestry]
   422 | D:1      | Reached XP level 2. HP: 19/22 MP: 2/2
   464 | D:2      | Reached skill level 1 in Armour
   500 | D:2      | Reached XP level 3. HP: 28/28 MP: 3/3
  1181 | D:3      | Gained mutation: You are mostly covered in icy blue scales. (AC +3) [demonic ancestry]
  1181 | D:3      | Reached XP level 4. HP: 27/35 MP: 4/4
  1224 | D:5      | Entered Level 5 of the Dungeon
  1248 | D:5      | Found a sparkling altar of Nemelex Xobeh.
  1253 | D:5      | Noticed an ogre
  1934 | D:4      | Gained mutation: When hurt, damage is shared between your health and your magic reserves. [demonic ancestry]
  1934 | D:4      | Reached XP level 5. HP: 24/42 MP: 5/5
  2243 | D:5      | Reached XP level 6. HP: 35/48 MP: 3/6
  2270 | D:5      | Noticed M4edhros's ghost (amateur OpAr)
  2287 | D:5      | Killed M4edhros's ghost
  2563 | D:5      | Got a slimy dagger
  2564 | D:5      | Identified the +10 dagger of Zyodar {pierce, rPois rC+ Dex+2 SInv} (You found it on level 5 of the Dungeon)
  2756 | D:7      | Reached skill level 1 in Short Blades
  2982 | D:7      | Gained mutation: You are completely covered in icy blue scales. (AC +4, rC+) [demonic ancestry]
  2982 | D:7      | Reached XP level 7. HP: 55/55 MP: 7/7
  2995 | D:7      | Reached skill level 1 in Stealth
  3234 | D:6      | Noticed Sigmund
  3247 | D:6      | Killed Sigmund
  3247 | D:6      | Gained mutation: You have sharp toenails. [demonic ancestry]
  3247 | D:6      | Reached XP level 8. HP: 56/61 MP: 6/8
  3455 | D:6      | Got a steaming granite ring
  3659 | D:6      | Reached skill level 5 in Fighting
  3690 | D:6      | You fall through a shaft!
  3691 | D:7      | Found a staircase to the Ecumenical Temple.
  3700 | Temple   | Entered the Ecumenical Temple
  3722 | Temple   | Became a worshipper of Makhleb the Destroyer
  3787 | D:7      | Reached skill level 5 in Dodging
  3794 | D:7      | Found a shattered altar of Ashenzari.
  4025 | D:7      | Noticed emsyzz's ghost (novice DEFE)
  4057 | D:7      | Identified the ring "Ytirr" {rC+ Str-4 Dex+4} (You found it on level 6 of the Dungeon)
  4080 | D:7      | Killed emsyzz's ghost
  4080 | D:7      | Reached skill level 5 in Armour
  4080 | D:7      | Gained mutation: You regenerate magic rapidly. [demonic ancestry]
  4080 | D:7      | Reached XP level 9. HP: 36/68 MP: 7/9
  4327 | D:7      | Reached skill level 1 in Invocations
  4800 | D:5      | Reached skill level 5 in Short Blades
  4800 | D:5      | Reached skill level 2 in Invocations
  5073 | D:4      | Reached * piety under Makhleb
  5172 | D:4      | Found an ornate altar of the Wu Jian Council.
  6278 | D:3      | You fall through a shaft for 3 floors!
  6811 | D:7      | Reached ** piety under Makhleb
  7156 | D:8      | Reached skill level 3 in Invocations
  7164 | D:8      | Reached skill level 5 in Stealth
  7503 | D:8      | Reached XP level 10. HP: 76/76 MP: 10/12
  7656 | D:8      | Reached *** piety under Makhleb
  7978 | D:8      | Noticed a deep elf mage
  7988 | D:8      | Killed a deep elf mage
  8099 | D:9      | Found a radiant altar of Vehumet.
  8099 | D:9      | Noticed a two-headed ogre
  8117 | D:9      | Killed a two-headed ogre
  8121 | D:9      | You fall through a shaft for 2 floors!
  8121 | D:11     | Noticed a brown ugly thing
  8133 | D:11     | Killed a brown ugly thing
  8133 | D:11     | Reached skill level 1 in Evocations
  8145 | D:11     | Found a roughly hewn altar of Beogh.
  8145 | D:11     | Found a staircase to the Orcish Mines.
  8145 | D:11     | Noticed Erolcha
  8394 | D:11     | Reached **** piety under Makhleb
  8497 | Orc:1    | Entered Level 1 of the Orcish Mines
  8542 | Orc:1    | Reached XP level 11. HP: 62/83 MP: 10/13
  8657 | Orc:1    | Noticed an orc knight
  8786 | Orc:1    | Killed an orc knight
  9161 | Orc:1    | Found Cipnuaf's Assorted Antiques.
  9166 | Orc:1    | Bought 2 sapphire potions for 37 gold pieces
  9166 | Orc:1    | Bought a fuming amethyst potion for 18 gold pieces
  9166 | Orc:1    | Bought a scroll labeled PITAMP BEPNUUD for 21 gold pieces
  9166 | Orc:1    | Bought a scroll labeled BYWNEAMYSE for 21 gold pieces
  9166 | Orc:1    | Bought a scroll labeled QIXAUR QYREQU for 21 gold pieces
  9241 | Orc:2    | Entered Level 2 of the Orcish Mines
  9326 | Orc:2    | Found Jiarph's Armour Shoppe.
  9364 | Orc:2    | Noticed a two-headed ogre
  9372 | Orc:2    | Killed a two-headed ogre
  9372 | Orc:2    | Reached skill level 4 in Invocations
  9540 | Orc:2    | Found a staircase to the Elven Halls.
  9873 | Orc:2    | Noticed an orc knight
  9902 | Orc:2    | Killed an orc knight
  9902 | Orc:2    | Reached skill level 5 in Invocations
 10271 | Orc:2    | Noticed an orc high priest
 10276 | Orc:2    | Noticed an orc high priest
 10277 | Orc:2    | Noticed an orc knight
 10277 | Orc:2    | Killed an orc high priest
 10277 | Orc:2    | Reached skill level 6 in Invocations
 10286 | Orc:2    | Noticed an orc knight
 10292 | Orc:2    | Noticed an orc high priest
 10501 | Orc:2    | Noticed a soul eater
 10505 | Orc:2    | Killed an orc high priest
 10747 | Orc:2    | Killed an orc knight
 10894 | Orc:2    | Noticed an orc knight
 11108 | Orc:2    | Killed an orc knight
 11452 | Orc:2    | Upgraded the game from 0.20-a0-1073-g49e0d3e to 0.20-a0-1078-g4874019
 11534 | Orc:2    | Reached skill level 10 in Armour
 11557 | Orc:2    | Reached skill level 7 in Invocations
 11858 | Orc:1    | Killed an orc knight
 12000 | Orc:2    | Noticed a soul eater
 12000 | Orc:2    | Killed an orc high priest
 12139 | Orc:2    | Noticed an orc knight
 12161 | Orc:2    | Killed an orc knight
 12161 | Orc:2    | Reached XP level 12. HP: 59/92 MP: 10/17
 12470 | Orc:2    | Noticed an orc high priest
 12487 | Orc:2    | Killed an orc high priest
 12512 | Orc:2    | Noticed an orc high priest
 12543 | Orc:2    | Killed an orc high priest
 12800 | Orc:2    | Found Wuew's Armour Shop.
 12801 | Orc:2    | Found Gusen's Assorted Antiques.
 12801 | Orc:2    | Found Qausonurch's Weapon Boutique.
 12802 | Orc:2    | Found Avoridwo's Antique Weapon Shop.
 12812 | Orc:2    | Bought a scroll labeled QIXAUR QYREQU for 30 gold pieces
 12812 | Orc:2    | Bought a scroll labeled PUYRUI LOFFAIL for 30 gold pieces
 12815 | Orc:2    | Bought a twisted opal ring for 150 gold pieces
 13161 | D:11     | Noticed a two-headed ogre
 13175 | D:11     | Killed a two-headed ogre
 13175 | D:11     | Reached skill level 8 in Invocations
 13210 | D:11     | Killed Erolcha
 14221 | D:10     | Entered Level 10 of the Dungeon
 14327 | D:10     | Found a staircase to the Lair.
 14340 | Lair:1   | Entered Level 1 of the Lair of Beasts
 14454 | Lair:1   | Reached skill level 9 in Invocations
 15097 | Lair:2   | Noticed Sonja
 15110 | Lair:2   | Killed Sonja
 15216 | Lair:2   | Noticed Nergalle
 15648 | Lair:2   | Noticed a death yak
 15649 | Lair:2   | Noticed a death yak
 15683 | Lair:2   | Killed a death yak
 15784 | Lair:2   | Noticed an eight-headed hydra
 16190 | Lair:3   | Gained mutation: Your flesh is heat resistant. (rF+) [demonic ancestry]
 16190 | Lair:3   | Reached XP level 13. HP: 85/99 MP: 17/20
 16237 | Lair:3   | Reached ***** piety under Makhleb
 17133 | Lair:3   | Reached skill level 10 in Invocations
 17204 | Lair:3   | Found a staircase to the Snake Pit.
 17483 | Lair:3   | Found a staircase to the Shoals.
 17613 | Lair:3   | Noticed Rupert
 17625 | Lair:3   | Killed Rupert
 18002 | Lair:4   | Got a pair of crude boots
 18008 | Lair:4   | Identified the +4 pair of boots of Amelioration {+Inv rC+ Dex-3} (You found it on level 4 of the Lair of Beasts)
 18027 | Lair:4   | Reached skill level 10 in Fighting
 19261 | Lair:5   | Learned a level 3 spell: Regeneration
 19426 | Lair:5   | Reached skill level 1 in Necromancy
 19655 | Lair:5   | Found a viscous altar of Jiyva.
 19655 | Lair:5   | Found a staircase to the Slime Pits.
 19910 | Lair:6   | Entered Level 6 of the Lair of Beasts
 20012 | Lair:6   | Gained mutation: You have razor-sharp toenails. [demonic ancestry]
 20012 | Lair:6   | Reached XP level 14. HP: 111/111 MP: 22/22
 20028 | Lair:6   | Reached skill level 11 in Invocations
 20184 | Lair:6   | Reached ****** piety under Makhleb
 20290 | Lair:6   | Reached skill level 10 in Stealth
 21113 | Lair:6   | Reached skill level 1 in Charms
 21435 | Lair:6   | Reached skill level 1 in Spellcasting
 21788 | Lair:5   | Reached skill level 5 in Necromancy
 21921 | Shoals:1 | Entered Level 1 of the Shoals
 22000 | Shoals:1 | Noticed Starbucks's ghost (journeyman DsFi)
 22062 | Shoals:1 | Killed Starbucks's ghost
 22291 | Shoals:1 | Reached skill level 12 in Invocations
 23350 | Snake:1  | Entered Level 1 of the Snake Pit
 23495 | Snake:1  | Gained mutation: You are immune to clouds of flame. [demonic ancestry]
 23495 | Snake:1  | Reached XP level 15. HP: 50/120 MP: 13/24
 24231 | Snake:1  | Reached skill level 13 in Invocations
 25397 | Lair:3   | Killed Nergalle
 26161 | D:10     | Reached skill level 1 in Long Blades
 26481 | Orc:2    | Bought the +9 chain mail of the Beggar {rPois Regen+} for 910 gold pieces
 26588 | Orc:2    | Bought a potion of curing for 90 gold pieces
 26700 | Elf:1    | Entered Level 1 of the Elven Halls
 27261 | D:10     | Noticed Josephine
 27311 | D:10     | Noticed Joseph
 27313 | D:10     | Killed Josephine
 27337 | D:10     | Killed Joseph
 27735 | D:9      | Found a hazy altar of Hepliaklqana.
 27735 | D:9      | Found an ancient bone altar of Kikubaaqudgha.
 27799 | D:9      | Identified a scroll of acquirement
 27819 | D:9      | Got a heavily runed helmet
 27830 | D:9      | Identified the +2 helmet of the Depths {rPois MR- Str+4 Slay+2} (You found it on level 9 of the Dungeon)
 27975 | D:9      | Got a smoking dagger
 28249 | D:9      | Identified the +6 dagger "Demonslayer" {pierce, +Fly rPois Str+2 Int-4} (You found it on level 9 of the Dungeon)
 28420 | D:9      | Found an iron altar of Okawaru.
 29855 | D:13     | Found a gate to the Vaults.
 29872 | D:13     | Reached skill level 5 in Long Blades
 30967 | D:15     | Entered Level 15 of the Dungeon
 31125 | D:15     | Reached XP level 16. HP: 121/129 MP: 24/26
 31216 | D:15     | Found a staircase to the Depths.
 31902 | D:14     | Found Qesicysask's Assorted Antiques.
 31911 | D:14     | Bought a smoky silvery potion for 27 gold pieces
 31911 | D:14     | Bought a polished cloak for 294 gold pieces
 31911 | D:14     | Bought a scroll of identify for 62 gold pieces
 31924 | D:14     | Identified the +0 cloak "Atumn" {-Cast MR+ Dex+3} (You bought it in a shop on level 14 of the Dungeon)
 35084 | Snake:1  | Found Hawn's Jewellery Shoppe.
 35088 | Snake:1  | Found Dico's Food Shoppe.
 35839 | Snake:2  | Noticed jotwebe's ghost (journeyman DrCj)
 35905 | Snake:2  | Killed jotwebe's ghost
 36706 | Snake:3  | Reached skill level 14 in Invocations
 36845 | Snake:4  | Entered Level 4 of the Snake Pit
 36859 | Snake:3  | Gained mutation: You have claws for feet. [demonic ancestry]
 36859 | Snake:3  | Reached XP level 17. HP: 96/137 MP: 19/27
 37686 | Snake:3  | Reached skill level 10 in Long Blades
 37798 | Snake:3  | Reached skill level 15 in Armour
 38492 | Snake:3  | Reached skill level 10 in Dodging
 38563 | Snake:4  | Found Teiwoat's Magic Scroll Shoppe.
 38570 | Snake:4  | Bought a scroll of teleportation for 48 gold pieces
 38570 | Snake:4  | Bought a scroll of teleportation for 48 gold pieces
 38570 | Snake:4  | Bought a scroll of identify for 32 gold pieces
 38570 | Snake:4  | Bought a scroll of identify for 32 gold pieces
 38838 | Snake:4  | Noticed glosham's ghost (adept GnNe)
 38856 | Snake:4  | Killed glosham's ghost
 39977 | Snake:4  | Reached skill level 15 in Invocations
 40121 | Snake:4  | Gained mutation: When low on magic, you restore magic in place of health. [demonic ancestry]
 40121 | Snake:4  | Reached XP level 18. HP: 130/145 MP: 29/29
 40741 | Snake:4  | Reached skill level 16 in Invocations
 40838 | Snake:4  | Got a serpentine rune of Zot
 41048 | Snake:1  | Bought an uncursed amulet of faith for 520 gold pieces
 41927 | Shoals:2 | Reached skill level 17 in Invocations
 43335 | Shoals:4 | Entered Level 4 of the Shoals
 43721 | Shoals:4 | HP: 1/146 [drowned by a water nymph (7)]
 43721 | Shoals:4 | Mangled by a merfolk javelineer

Vault maps used:
D:1:      dpeg_arrival_erosion
D:2:      first_bread
D:4:      kennysheep_mini_moat
D:5:      cheibrodos_sewer_entry_sluice, nemelex_dance_club_becter
D:6:      uniq_sigmund
D:7:      nicolae_ashenzari_panopticon, minmay_temple_entry_mist
D:8:      special_room, grunt_ogre_cave, guppyfry_early_elven_hall
D:9:      nicolae_overflow_hidden_temple, okawaru_altar_gauntlet_db,
          lemuel_crystal_altar
D:10:     grunt_lair_entry_orc_guard_hut, serial_undead, serial_undead_b,
          serial_undead_f, serial_undead_a, serial_undead_e, minivault_16,
          uniq_josephine, uniq_joseph
D:11:     david_orc_5, uniq_erolcha
D:13:     david_vaults_1
D:14:     serial_park_paths, serial_shops, shop, hangedman_decor_points
D:15:     gammafunk_depths_entry_grave, serial_bayou_pond_b
Temple:   eino_temple_scatter_basement
Lair:2:   infiniplex_staircase_pool, lemuel_fruit_tree, uniq_nergalle,
          uniq_sonja
Lair:3:   minmay_shoals_entry_lonely_mermaid,
          minmay_snake_entry_guardpost_large, zaba_anthell, uniq_rupert
Lair:4:   grunt_megastairs_4
Lair:5:   slime_altar_1, serial_bayou_shore_b, grunt_megastairs_3
Lair:6:   minmay_lair_end_frog_pond
Shoals:2: wheals_shoals_ruined_temple
Shoals:3: cheibrodos_shoals_roost
Shoals:4: shoals_end_hangedman, shoal_ilsuiw,
          nicolae_shoals_arrival_archipelago, uniq_polyphemus
Snake:1:  minmay_shop_star
Snake:3:  minmay_snake_river, serial_bayou_lake_a
Snake:4:  snake_pit_salamanders_mu, serial_shops, shop_scrolls
Orc:1:    serial_shops, shop
Orc:2:    st_orc_pillars, serial_shops, nicolae_shop_behind_doors
Elf:1:    minmay_elf_demonology, uniq_kirke

Skill      XL: |  1  2  3  4  5  6  7  8  9 10 11 12 13 14 15 16 17 18 |
---------------+-------------------------------------------------------+-----
Armour         | 1 2 3 5 6 8 10 12 13 14 15 | 15.4
Dodging        | 3 4 5 6 7 8 9 10 | 10.6
Fighting       | 3 4 5 6 7 8 10 11 12 13 14 | 14.1
Staves         | 3 |  3.7
Short Blades   | 1 2 4 5 6 |  6.6
Stealth        | 2 4 6 7 8 9 10 | 10.5
Invocations    | 3 7 9 10 12 13 14 15 17 | 17.8
Evocations     | 1 |  1.5
Necromancy     | 1 5 6 |  6.4
Charms         | 2 3 4 |  4.0
Spellcasting   | 2 4 |  4.6
Long Blades    | 6 9 11 | 11.7
Throwing       | |  1.7

Action                   |  1- 3 |  4- 6 |  7- 9 | 10-12 | 13-15 | 16-18 || total
-------------------------+-------+-------+-------+-------+-------+-------++-------
Melee: Quarterstaff      |    71 |   114 |       |       |       |       ||   185
       Dagger            |       |    47 |   340 |  1259 |  2026 |    46 ||  3718
       Kick              |       |       |    78 |   541 |   181 |   638 ||  1438
       Scimitar          |       |       |       |       |   605 |  1814 ||  2419
Throw: Throwing net      |       |     1 |       |     1 |     4 |     1 ||     7
 Cast: Regeneration      |       |       |       |       |     2 |    30 ||    32
Invok: Lesser Servant of |       |       |       |    22 |    18 |    21 ||    61
       Minor Destruction |       |       |       |    16 |    46 |   325 ||   387
       Greater Servant o |       |       |       |       |     3 |     6 ||     9
       Major Destruction |       |       |       |       |       |     2 ||     2
Evoke: Wand              |       |       |       |     8 |     3 |     5 ||    16
  Use: Potion            |       |       |     3 |    11 |     6 |    18 ||    38
       Scroll            |       |       |     6 |     8 |    13 |    24 ||    51
 Stab: Sleeping          |       |       |    10 |     1 |    11 |     4 ||    26
       Distracted        |       |       |     2 |     5 |    14 |    16 ||    37
       Confused          |       |       |       |     2 |       |       ||     2
       Paralysed         |       |       |       |     1 |     1 |     1 ||     3
       Held in net/web   |       |       |       |       |     3 |     1 ||     4
       Invisible         |       |       |       |       |       |     9 ||     9
  Eat: Chunk             |       |     6 |     8 |    20 |    26 |    25 ||    85
       Meat ration       |       |       |     2 |     1 |     6 |     4 ||    13
       Fruit             |       |       |       |       |     1 |     4 ||     5
Armor: Leather armour    |    14 |       |       |       |       |       ||    14
       Ring mail         |    36 |    74 |    80 |       |       |       ||   190
       Chain mail        |       |       |     1 |   499 |  1481 |  1203 ||  3184
Dodge: Dodged            |   108 |   116 |   183 |   487 |  1587 |  1551 ||  4032
Block: Other             |       |       |       |       |       |   299 ||   299
       Reflection        |       |       |       |       |       |    40 ||    40
       Rpst.: Scimitar   |       |       |       |       |   153 |   357 ||   510
